 Dungeon Crawl Stone Soup version 0.29-a0-284-gf9362112df (webtiles) character file.

Game seed: 12475517712249548946

286 spaghetti the Magician (level 5, -3/38 HPs)
             Began as a Demigod Earth Elementalist on Mar 21, 2022.
             Slain by a gnoll
             ... wielding a +0 spear
              (5 damage)
             ... on level 4 of the Dungeon.
             The game lasted 00:06:41 (3293 turns).

spaghetti the Magician (Demigod Earth Elementalist) Turns: 3293, Time: 00:06:42

Health: -3/38      AC:  4    Str: 15    XL:     5   Next: 80%
Magic:  1/15       EV: 12    Int: 21    God:
Gold:   193        SH:  5    Dex: 14    Spells: 4/14 levels left

rFire   . . .      SeeInvis .   B - staff of earth {!astaff}
rCold   . . .      Faith    .   (no shield)
rNeg    . . .      Spirit   .   b - +1 robe
rPois   .          Reflect  +   D - +0 helmet
rElec   .          Harm     .   (no cloak)
rCorr   .          Rampage  .   (no gloves)
Will    +....      Clarity  +   (no boots)
Stlth   ++........              t - amulet of reflection
HPRegen 0.12/turn               p - ring of wizardry
MPRegen 0.14/turn               y - +6 ring of strength

@: mighty, flying
A: high MP 1, forlorn, divine attributes, talons 1, clarity, strong-willed 1
a: no special abilities


You were on level 4 of the Dungeon.
You visited 1 branch of the dungeon, and saw 4 of its levels.

You collected 193 gold pieces.


Innate Abilities, Weirdness & Mutations

You have an increased reservoir of magic. (+10% MP)
You shall have no god before yourself.
Your divine heritage dramatically boosts your attributes as you level up.
You have sharp toenails.
You possess an exceptional clarity of mind.
You are strong-willed. (Will+)


   Skills:
 - Level 1.7 Dodging
 - Level 1.7 Stealth
 + Level 5.0 Spellcasting
 - Level 2.0 Transmutations
 - Level 3.0 Earth Magic


You had 4 spell levels left.
You knew the following spells:

 Your Spells              Type           Power      Damage    Failure   Level
a - Sandblast             Erth           52%        2d12      1%          1
b - Passwall              Tmut/Erth      19%        N/A       2%          2
c - Stone Arrow           Conj/Erth      34%        3d9       7%          3
d - Petrify               Tmut/Erth      23%        N/A       16%         4

Your spell library contained the following spells:

 Spells                   Type           Power      Damage    Failure   Level
 Freezing Cloud           Conj/Ice/Air   2%         6-21      71%         5
 Simulacrum               Ice/Necr       2%         N/A       99%         6
 Polar Vortex             Ice            2%         N/A       100%        9

Inventory:

Hand Weapons
 a - a +2 dagger of venom {short}
   (You took it off a goblin on level 4 of the Dungeon)
 c - a +0 club {mace}
   (You took it off a goblin on level 1 of the Dungeon)
 d - a +0 club {mace}
   (You took it off a gnoll on level 1 of the Dungeon)
 e - a +0 mace {mace}
   (You found it on level 1 of the Dungeon)
 m - a +2 short sword of freezing {short}
   (You found it on level 1 of the Dungeon)
 C - a +1 dagger of draining {short}
   (You took it off an orc wizard on level 3 of the Dungeon)
 E - a +1 vorpal hunting sling {sling}
   (You took it off a goblin on level 3 of the Dungeon)
 F - a +1 short sword of speed {short}
   (You found it on level 3 of the Dungeon)
Missiles
 f - 4 boomerangs {throwing}
 z - a stone {throwing}
Armour
 b - a +1 robe (worn)
 v - the +0 chain mail of the Pit {Harm rElec rN+}
   (You found it on level 2 of the Dungeon)

   rElec:     It insulates you from electricity.
   rN:        It protects you from negative energy.
   Harm:      It increases damage dealt and taken.
 D - a +0 helmet (worn)
   (You found it on level 3 of the Dungeon)
Magical Staves
 w - a staff of fire {!astaff}
   (You found it on level 2 of the Dungeon)
 x - a staff of cold {!astaff}
   (You found it on level 3 of the Dungeon)
 B - a staff of earth (weapon) {!astaff}
   (You found it on level 3 of the Dungeon)
Jewellery
 n - a ring of fire
   (You found it on level 1 of the Dungeon)
 p - a ring of wizardry (left hand)
   (You found it on level 1 of the Dungeon)
 t - an amulet of reflection (around neck)
   (You found it on level 2 of the Dungeon)
 y - a +6 ring of strength (right hand)
   (You found it on level 3 of the Dungeon)
Scrolls
 h - a scroll of teleportation {unknown}
 i - a scroll of magic mapping {unknown}
 j - a scroll of fear {unknown}
 k - 2 scrolls of identify {unknown}
 l - 2 scrolls of vulnerability {unknown}
 q - 2 scrolls of immolation {unknown}
 u - a scroll of fog {unknown}
 A - a scroll of enchant armour
Potions
 g - a potion of curing {@q1}

Dungeon Overview and Level Annotations

Branches:
Dungeon (4/15)
 Temple: D:4-7

# ########## ...
#........### ....
#...##.....# ....#####
#...##.....## . ....'...##
#...#..#....#..
....#...g####†..#.#.#......
.........g@)....#..#...####
#####...g####...#....######
#....g# #...#....##....
...######g#######...#...#..
..g.gggg.g.# #..#...#.#.
.........#g# #.#.....#..
............. ##...##...#
..............# ##########
#.............# ##.


You could see a gnoll shaman and 2 gnolls.


Message History

Aim: a gnoll, wielding a +0 whip (severely wounded, 72% to hit)
You feel a surge of power!
The stone arrow hits the hound!
The hound barely misses you. The hound misses you. 😕 MP[-2]
You lost 2 mp, and now have 4/15 mp.
Aiming: Stone Arrow (dangerous; 8% risk of failure)
Press: ? - help, Q - select action, (/) - cycle Shift-Dir - straight line, f - hound
Aim: a hound (almost dead, 56% to hit)
You feel a surge of power!
The stone arrow misses the hound.
The gnoll misses you.
The hound completely misses you. 😕 MP[-3]
You lost 3 mp, and now have 1/15 mp.
You don't have enough magic to cast this spell.
Unknown command.
The hound attacks as you move away! The hound closely misses you.
The hound bites you but does no damage.
Your magical contamination has completely faded away.
The hound attacks as you move away! The hound barely misses you.
The hound attacks as you move away! The hound bites you but does no damage.
You block the hound's attack. The hound barely misses you. 😕 HP[+1]
You aren't carrying any items that you can evoke.
It was a potion of heal wounds.
You feel much better. The hound bites you. 😕 HP[-4] MP[+1]
You take 4 damage, and now have 33/38 hp.
It was a potion of flight.
You feel very buoyant.
You fly up into the air.
The hound misses you. The hound bites you but does no damage.
It was a potion of might.
You feel very mighty all of a sudden. The hound misses you.
Really attack while wielding your staff of earth {!astaff}? [Y]es or [N]o only, please.
Really attack while wielding your staff of earth {!astaff}?
You hit the hound.
You kill the hound!
You hit the gnoll!
You kill the gnoll!
The gnoll hits you from afar with a +0 halberd.
The gnoll closely misses you. 😮 HP[-6]
You take 6 damage, and now have 27/38 hp.
It was a potion of curing.
You feel better.
The gnoll hits you from afar with a +0 halberd. 😕 HP[+2]
You regained 2 hp, and now have 29/38 hp.
You block the gnoll's attack. The gnoll completely misses you.
Things that are here:
a +0 whip {mace}; a gnoll corpse You closely miss the gnoll.
You claw the gnoll!
You kill the gnoll!
The gnoll completely misses you. 😕 HP[+1] MP[+1]
The gnoll closely misses you.
The gnoll hits you from afar with a +0 spear.
Things that are here:
a +0 halberd {polearm}; a gnoll corpse; 😮 HP[-3]
You take 3 damage, and now have 27/38 hp.
You closely miss the gnoll. The gnoll barely misses you.
The gnoll hits you with a +0 spear. 😮 HP[-6]
You take 6 damage, and now have 21/38 hp.
You hit the gnoll. You claw the gnoll! The gnoll hits you but does no damage.
You block the gnoll's attack.
You hit the gnoll!
You kill the gnoll!
You block the gnoll's attack.
The gnoll hits you from afar with a +0 spear.
* * * LOW HITPOINT WARNING * * *
Your Spellcasting skill increases to level 5! 😨 HP[-5]
You take 5 damage, and now have 16/38 hp.
Aiming: Stone Arrow (dangerous; 7% risk of failure)
Press: ? - help, Q - select action, (/) - cycle Shift-Dir - straight line, f - gnoll shaman
Aim: a gnoll shaman, wielding a +0 whip and wearing a +0 leather armour (72% to hit)
You feel a surge of power!
The stone arrow hits the gnoll shaman!
The gnoll closely misses you.
The gnoll shaman utters an invocation to its god.
The gnoll shaman is healed somewhat.
The gnoll closely misses you. 😨 MP[-3]
You lost 3 mp, and now have 0/15 mp.
You barely miss the gnoll shaman. Your kick misses the gnoll shaman.
You block the gnoll's attack.
The gnoll shaman hits you with a +0 whip.
* * * LOW HITPOINT WARNING * * *
The gnoll closely misses you.
The gnoll shaman hits you with a +0 whip.
* * * LOW HITPOINT WARNING * * *
The gnoll hits you from afar with a +0 spear.
* * * LOW HITPOINT WARNING * * *
The gnoll hits you from afar with a +0 spear.
* * * LOW HITPOINT WARNING * * *
😱 HP[-15] MP[+1]
You take 15 damage, and now have 1/38 hp.
MASSIVE DAMAGE!! (PAUSE)
You closely miss the gnoll shaman.
The gnoll hits you from afar with a +0 spear.
You die...

Skill      XL: |  1  2  3  4  5 |
---------------+----------------+-----
Transmutations | 1 2 |  2.0
Spellcasting   | 2 3 4 5 |  5.0
Earth Magic    | 3 |  3.0
Dodging        | |  1.7
Stealth        | |  1.7

Action                   |  1- 3 |  4- 6 || total
-------------------------+-------+-------++-------
Melee: Mace              |     4 |       ||     4
       Short sword       |     3 |    16 ||    19
       Kick              |     1 |     5 ||     6
       Staff             |       |     8 ||     8
 Cast: Sandblast         |    38 |     6 ||    44
       Stone Arrow       |     5 |    28 ||    33
  Use: Potion            |     3 |     4 ||     7
       Scroll            |     1 |       ||     1
Armor: Robe              |     2 |     9 ||    11
Dodge: Dodged            |    31 |    38 ||    69
Block: Other             |       |    12 ||    12
       Reflection        |       |     1 ||     1

Levels and vault maps discovered:
D:1:      zaba_arrival_water, layout_loops_ring, minmay_vboxes
D:2:      layout_basic, minivault_19
D:3:      layout_rooms, ebering_ecumenical_altar_mist
D:4:      layout_basic, minmay_temple_entry_stoned_glass,
          hangedman_decor_slide_cut, minmay_snake_closets

Notes
Turn   | Place    | Note
-------+----------+-------------------------------------------
     0 | D:1      | spaghetti the Demigod Earth Elementalist began the quest
                  | for the Orb.
     0 | D:1      | Reached XP level 1. HP: 14/14 MP: 5/5
     0 | D:1      | magus.rc [v1.9.6]
    56 | D:1      | Reached skill level 1 in Transmutations
   115 | D:1      | Gained mutation: You are strong-willed. (Will+) [potion of
                  | mutation]
   115 | D:1      | Gained mutation: You possess an exceptional clarity of
                  | mind. [potion of mutation]
   115 | D:1      | Gained mutation: You have sharp toenails. [potion of
                  | mutation]
   119 | D:1      | Reached skill level 2 in Spellcasting
   119 | D:1      | Reached XP level 2. HP: 10/20 MP: 4/7
   126 | D:1      | HP: 3/20 [hobgoblin (3)]
   129 | D:1      | HP: 1/20 [hobgoblin (2)]
   175 | D:1      | HP: 3/20 [gnoll/+0 club (5)]
   177 | D:1      | HP: 1/20 [gnoll/+0 club (5)]
   185 | D:1      | HP: 5/20 [gnoll/+0 club (5)]
   451 | D:1      | Reached skill level 3 in Spellcasting
   462 | D:1      | Reached XP level 3. HP: 20/26 MP: 0/10
   472 | D:1      | Learned a level 2 spell: Passwall
   476 | D:1      | Learned a level 3 spell: Stone Arrow
  1282 | D:1      | You pick up a book of Ice and begin reading...
  1282 | D:1      | You add the spells Freezing Cloud, Simulacrum and Polar
                  | Vortex to your library.
  1382 | D:2      | Noticed a scorpion
  1385 | D:2      | Killed a scorpion
  1386 | D:2      | Reached skill level 2 in Transmutations
  1386 | D:2      | Reached skill level 3 in Earth Magic
  1386 | D:2      | Reached XP level 4. HP: 33/33 MP: 4/12
  1577 | D:2      | Learned a level 4 spell: Petrify
  1613 | D:2      | Identified the +0 chain mail of the Pit {Harm rElec rN+}
  2065 | D:4      | Reached skill level 4 in Spellcasting
  2065 | D:4      | Reached XP level 5. HP: 17/38 MP: 4/14
  3291 | D:4      | Reached skill level 5 in Spellcasting
  3292 | D:4      | HP: 9/38 [gnoll shaman/+0 whip (4)]
  3292 | D:4      | HP: 4/38 [gnoll/+0 spear (5)]
  3292 | D:4      | HP: 1/38 [gnoll/+0 spear (3)]
  3293 | D:4      | Slain by a gnoll

Vanquished Creatures
  A scorpion (D:2)
  2 hounds (D:4)
  An orc wizard (D:3)
  3 adders
  5 gnolls
  A white imp (D:3)
  A worm (D:3)
  4 orcs
  6 ball pythons
  2 endoplasms
  3 giant cockroaches (D:1)
  3 hobgoblins
  5 jackals (D:1)
  7 kobolds
  2 quokkas
  5 bats
  5 goblins
  4 rats (D:1)
60 creatures vanquished.

Table legend:
 A = Non-vault XP
 B = Vault XP
 C = Vault XP percentage of total XP
 D = Non-vault monster count
 E = Vault monster count
 F = Vault count percentage of total count
                 A         B        C        D         E       F
            +---------+---------+-------+---------+---------+-------
      Total |     387 |      22 |   5.4 |      54 |       6 |  10.0
            +---------+---------+-------+---------+---------+-------
        D:1 |      47 |      22 |  31.9 |      20 |       6 |  23.1
        D:2 |      93 |       0 |   0.0 |       7 |       0 |   0.0
        D:3 |      84 |       0 |   0.0 |      16 |       0 |   0.0
        D:4 |     163 |       0 |   0.0 |      11 |       0 |   0.0
            +---------+---------+-------+---------+---------+-------

Illustrated notes

Table legend:
 A = Kills in this place as a percentage of kills in entire the game.
 B = Kills by you in this place as a percentage of kills by you in the entire game.
 C = Kills by friends in this place as a percentage of kills by friends in the entire game.
 D = Other kills in this place as a percentage of other kills in the entire game.
 E = Experience gained in this place as a percentage of experience gained in the entire game.
 F = Experience gained in this place divided by the number of levels of this place that you have seen.
                   A       B       C       D       E      F
               +-------+-------+-------+-------+-------+----------------------
         Total | 100.0 | 100.0 |   N/A |   N/A | 100.0 | 102.2
       Dungeon | 100.0 | 100.0 |   N/A |   N/A | 100.0 | 102.2
               +-------+-------+-------+-------+-------+----------------------

Table legend: (Time is in decaauts)
 A = Elapsed time spent in this place.
 B = Non-inter-level travel time spent in this place.
 C = Inter-level travel time spent in this place.
 D = Time resting spent in this place.
 E = Time spent auto-exploring this place.
 F = Levels seen in this place.
 G = Mean time per level.
                   A        B        C        D        E       F      G
               +--------+--------+--------+--------+--------+-----+--------+
         Total |   3302 |   3189 |    113 |    419 |   2314 |   4 |  825.5 |
       Dungeon |   3302 |   3189 |    113 |    419 |   2314 |   4 |  825.5 |
               +--------+--------+--------+--------+--------+-----+--------+

Top non-repeatable levels by time:
     D:1: 1386 daAuts
     D:3: 913 daAuts
     D:2: 620 daAuts
     D:4: 382 daAuts
